 Dungeon Crawl Stone Soup version 0.23.2-1-ga50397a6bc (webtiles) character file.

Game seed: 13309062165880260656

109 DeltaSign the Covered (level 4, -19/40 HPs)
             Began as a Minotaur Fighter on May 4, 2019.
             Demolished by an ogre
             ... wielding a +0 giant spiked club
              (20 damage)
             ... on level 4 of the Dungeon on May 6, 2019.
             The game lasted 00:13:24 (1282 turns).

DeltaSign the Covered (Minotaur Fighter)            Turns: 1282, Time: 00:13:24

Health: -19/40     AC:  7    Str: 21    XL:     4   Next: 60%
Magic:  3/3        EV:  7    Int:  5    God:
Gold:   78         SH:  9    Dex: 10    Spells: 3/3 levels left

rFire    . . .     SeeInvis .   a - +0 war axe
rCold    . . .     Gourm    .   c - +0 shield
rNeg     . . .     Faith    .   b - +0 scale mail
rPois    .         Spirit   .   (helmet restricted)
rElec    .         Reflect  .   (no cloak)
rCorr    .         Harm     .   (no gloves)
MR       .....                  (no boots)
Stlth    ..........             (no amulet)
HPRegen  0.13/turn              (no ring)
MPRegen  0.08/turn              (no ring)

@: no status effects
A: retaliatory headbutt, horns 2
a: no special abilities


You were on level 4 of the Dungeon.
You were not hungry.

You visited 1 branch of the dungeon, and saw 4 of its levels.

You collected 78 gold pieces.

Inventory:

Hand Weapons
 a - a +0 war axe (weapon)
Armour
 b - a +0 scale mail (worn)
 c - a +0 shield (worn)
Scrolls
 e - a scroll of enchant weapon {unknown}
 g - a scroll of noise {unknown}
 k - 3 scrolls of magic mapping {unknown}
 l - a scroll of teleportation {unknown}
 m - 2 scrolls of identify {unknown}
 n - a scroll of enchant armour {unknown}
Potions
 d - a potion of might
 h - a potion of mutation {unknown}
 i - a potion of curing {unknown}
 j - a potion of brilliance {unknown}
Comestibles
 f - 4 rations
 o - 2 chunks of flesh


   Skills:
 + Level 4.0 Fighting
 * Level 4.2 Axes
 + Level 4.4 Armour
 + Level 0.6 Dodging
 + Level 0.1 Stealth
 + Level 4.3 Shields


You had 3 spell levels left.
You didn't know any spells.
Your spell library was empty.

Dungeon Overview and Level Annotations

Branches:
Dungeon (4/15)
 Temple: D:4-7

Altars:
Nemelex Xobeh


Innate Abilities, Weirdness & Mutations

You reflexively headbutt those who attack you in melee.
You have a pair of horns on your head.


Message History

Your Axes skill increases to level 4!
You hit the plant. The orc hits you but does no damage.
The ogre closely misses you. The orc hits you but does no damage.
You slash the ogre! You headbutt the ogre.
The ogre is heavily wounded.
You barely miss the orc. You hit the plant but do no damage.
The orc barely misses you. The ogre barely misses you.
You hit the ogre. Your headbutt misses the ogre.
The ogre is almost dead.
You hit the orc. You hit the plant. The orc hits you with a +0 short sword.
* * * LOW HITPOINT WARNING * * *
You block the ogre's attack. The orc closely misses you.
You hit the ogre.
The ogre is almost dead.
You slash the orc!
You kill the orc!
You slash the plant!
The ogre hits you with a +0 giant spiked club!!
Ouch! That really hurt!
You die...

#.P≈≈≈♣≈P.............
..≈P♣≈♣≈≈.≈............
.≈.≈≈♣♣≈≈≈P............
.≈≈≈♣♣P♣♣≈PP..(........
≈≈≈PPPP♣P............
♣PPP≈P≈♣P.....######
≈P≈P..≈≈PP....+
P≈≈≈PP...# ..≈♣P≈.@)#
#PP≈P≈PO.# .P.≈PP.....
.#P.≈≈≈......
#.PPP.##...... +.....
...... ##.... ......
#.... ......


You could see an ogre.

Vanquished Creatures
  A scorpion (D:4)
  A worker ant (D:4)
  3 leopard geckos
  4 orcs (D:4)
  2 bats (D:1)
  2 giant cockroaches
  6 goblins
  2 hobgoblins (D:1)
  3 kobolds
  A ball python (D:4)
  2 frilled lizards
  4 rats (D:1)
31 creatures vanquished.

Notes
Turn   | Place    | Note
-------+----------+-------------------------------------------
     0 | D:1      | DeltaSign the Minotaur Fighter began the quest for the Orb.
     0 | D:1      | Reached XP level 1. HP: 19/19 MP: 0/0
   255 | D:1      | Reached XP level 2. HP: 27/27 MP: 1/1
  1127 | D:2      | Found a sparkling altar of Nemelex Xobeh.
  1191 | D:3      | Reached XP level 3. HP: 33/33 MP: 2/2
  1220 | D:4      | Noticed a scorpion
  1252 | D:4      | Killed a scorpion
  1252 | D:4      | Reached XP level 4. HP: 40/40 MP: 3/3
  1273 | D:4      | Noticed an ogre
  1278 | D:4      | HP: 2/40 [worker ant (3)]
  1282 | D:4      | Demolished by an ogre

Skill      XL: |  1  2  3  4 |
---------------+-------------+-----
Axes           | 3 4 |  4.2
Shields        | 4 |  4.3
Armour         | 4 |  4.4
Fighting       | 4 |  4.0
Dodging        | |  0.6
Stealth        | |  0.1

Action                   |  1- 3 |  4- 6 || total
-------------------------+-------+-------++-------
Melee: War axe           |    39 |     9 ||    48
       Headbutt          |     7 |     2 ||     9
  Eat: Ration            |     1 |       ||     1
Armor: Scale mail        |    31 |     9 ||    40
Dodge: Dodged            |    27 |     7 ||    34
Block: Shield            |    28 |    14 ||    42
